 Dungeon Crawl Stone Soup version 0.18-a0-1702-gd20c6a5 (webtiles) character file.

6794 Chiseanne the Covert (level 10, -1/76 HPs)
             Began as a Demonspawn Monk on Apr 7, 2016.
             Was an Elder of Dithmenos.
             Slain by a minotaur
             ... wielding an uncursed staff of earth
              (9 damage)
             ... in a labyrinth.
             The game lasted 00:57:14 (14567 turns).

Chiseanne the Covert (Demonspawn Monk)             Turns: 14567, Time: 00:57:14

Health: -1/76      AC: 15    Str: 13    XL:     10   Next: 76%
Magic:  19/19      EV: 16    Int: 12    God:    Dithmenos [****..]
Gold:   417        SH:  6    Dex: 17    Spells: 0 memorised, 9 levels left

rFire  + . .     SeeInvis +     a - +2 dagger (venom)
rCold  . . .     Gourm    .     y - +2 leather armour {rF+}
rNeg   . . .     Faith    .     k - +0 buckler (curse)
rPois  .         Spirit   .     Q - +1 helmet
rElec  .         Dismiss  .     D - +2 cloak
rCorr  .         Reflect  .     h - +0 pair of gloves
SustAt .         Harm     .     (no boots)
MR     .....                    (no amulet)
Stlth  +++++++++.               P - ring of magical power
                                v - ring of see invisible

@: wreathed by umbra, not resistant to hostile enchantments, incredibly stealthy
A: hooves 1, icy blue scales 2, nightstalker 3
a: Shadow Step, Renounce Religion


You were in a labyrinth.
You worshipped Dithmenos.
Dithmenos was greatly pleased with you.
You were not hungry.

You visited 2 branches of the dungeon, and saw 12 of its levels.
You also visited: Labyrinth.

You collected 521 gold pieces.
You spent 104 gold pieces at shops.

Inventory:

Hand Weapons
 a - a +2 dagger of venom (weapon)
 d - a +1 dagger of protection
 e - a +2 hand crossbow of evasion
 s - a +2 flail of crushing
Missiles
 p - 7 tomahawks (quivered)
 q - 50 sling bullets
 r - 54 bolts
 u - 19 sling bullets of frost
 w - 43 poisoned needles
Armour
 g - a +0 large shield
 h - a +0 pair of gloves (worn)
 k - a cursed +0 buckler (worn)
 y - a +2 leather armour of fire resistance (worn)
 D - a +2 cloak (worn)
 H - a troll hide
 J - a +1 robe of cold resistance
 Q - a +1 helmet (worn)
 S - a +2 robe of magic resistance
Jewellery
 v - a ring of see invisible (left hand)
 P - a ring of magical power (right hand)
Wands
 f - a wand of iceblast (6/15)
 M - a wand of iceblast (10/15)
 O - a wand of lightning (0/15)
 R - a wand of confusion (10/48)
Scrolls
 i - a scroll of amnesia
 m - 4 scrolls of remove curse
 x - 2 scrolls of fear
 A - a scroll of teleportation
 B - 2 scrolls of magic mapping
 C - 2 scrolls of fog
 G - 2 scrolls of blinking
Potions
 j - 4 potions of flight
 l - 2 potions of curing
Books
 L - a book of Summonings

   Spells                             Type                      Level
   a - Recall                         Summoning/Translocation      3
   b - Aura of Abjuration             Summoning                    5
   c - Summon Demon                   Summoning                    5
   d - Summon Forest                  Summoning/Translocation      5
   e - Summon Mana Viper              Hexes/Summoning              5
   f - Shadow Creatures               Summoning                    6
Comestibles
 b - 4 bread rations
 n - 7 meat rations


   Skills:
 - Level 5.8 Fighting
 - Level 5.5 Short Blades
 * Level 1.9 Crossbows
 - Level 5.8 Armour
 * Level 8.0 Dodging
 * Level 8.2 Stealth
 - Level 5.0 Shields
 - Level 3.6 Unarmed Combat


You had 9 spell levels left.
You didn't know any spells.

Dungeon Overview and Level Annotations

Branches:
Dungeon (11/15)            Temple (1/1) D:5            Lair (0/8) D:9
    Orc (0/2) D:11

Altars:
Cheibriados
Dithmenos
Elyvilon
Fedhas
Gozag
Kikubaaqudgha
Makhleb
Nemelex Xobeh
Okawaru
Pakellas
Sif Muna
Trog
Vehumet
Xom
Yredelemnul
Zin
The Shining One

Shops:
D:4 *   D:5 }   D:6 }

Annotations:
D:2 Sigmund
D:3 ReniFell's ghost, amateur MiFi
D:4 exclusions: door and statue
D:5 Grinder
D:6 Ijustatesigmund's ghost, novice OpAs
D:11 namelastname112's ghost, novice NaMo


Innate Abilities, Weirdness & Mutations

You have large cloven feet.
You are mostly covered in icy blue scales (AC +3, EV -1).
You are completely attuned to the shadows.


Message History

You hit the minotaur. Your kick misses the minotaur.
The minotaur is severely wounded.
The minotaur zaps a wand.
The minotaur is healed somewhat.
The minotaur zaps a wand.
Nothing appears to happen.
Evoke which item? (* to show all) (? for menu, Esc to quit)
Zapping:
R - a wand of confusion {zapped: 7} (will waste charges)
Press: ? - help, Shift-Dir - straight line, f/p - minotaur
Aim: a minotaur, wielding a staff of earth, wearing a plate armour and carrying a wand of heal wounds {empty} (almost dead, poisoned, umbra, chance to defeat MR: 15%)
The minotaur resists with almost no effort.
Evoking this partially-identified wand wasted a few charges.
Drink which item? (? for menu, Esc to quit)
You feel better. The minotaur barely misses you. The minotaur gores you!
* * * LOW HITPOINT WARNING * * *
You hit the minotaur but do no damage.
The minotaur looks even sicker.
The minotaur is almost dead.
You hit the minotaur.
You kick the minotaur, but do no damage.
The minotaur is almost dead.
The minotaur closely misses you. The minotaur gores you!
You die...

#.#.. #
#.###
#.#.#.#.#
......#@#
### # #
#####..H.#
<. ..
.......####
#.
.#.#####..#
#. #.#. ..
#..# .
#.###.#.# .#
. .
.......#..#.
### ## .#. .
.# #


You could see a minotaur.

Vanquished Creatures
  A centaur warrior (D:9)
  A manticore (D:9)
  Psyche (D:8)
  A gargoyle (Lab)
  3 trolls
  Eustachio (D:4)
  2 steam dragons (D:9)
  A hungry ghost (D:7)
  A water moccasin (D:9)
  Duvessa (D:5)
  3 ice beasts
  A necrophage (D:10)
  2 phantoms (D:9)
  2 sky beasts (D:8)
  An orc warrior (D:9)
  6 centaurs
  4 ogres
  2 big kobolds (D:10)
  2 giant frogs (D:7)
  Dowan (D:5)
  A wyvern skeleton (D:7)
  2 scorpions
  2 howler monkeys
  3 crimson imps
  A giant frog zombie (D:9)
  A giant frog skeleton (D:9)
  7 hounds
  7 orc priests
  Crazy Yiuf (D:5)
  3 iguanas
  12 orc wizards
  8 worker ants
  Natasha (thrice) (D:4)
  A hound skeleton (D:6)
  14 adders
  8 gnolls
  An ooze (D:3)
  An adder skeleton (D:7)
  2 worms
  A dart slug (D:2)
  9 giant geckos
  43 orcs
  8 giant cockroaches
  12 goblins
  4 hobgoblins
  11 jackals
  5 quokkas
  4 ball pythons
  A ball python zombie (D:6)
  6 bats
  A giant gecko skeleton (D:5)
  4 giant newts
  39 kobolds
  A quokka skeleton (D:3)
  7 rats
271 creatures vanquished.

Notes
Turn   | Place    | Note
--------------------------------------------------------------
     0 | D:1      | Chiseanne the Demonspawn Monk began the quest for the Orb.
     0 | D:1      | Reached XP level 1. HP: 18/18 MP: 1/1
   428 | D:1      | Gained mutation: You are slightly more attuned to the shadows. [demonic ancestry]
   428 | D:1      | Reached XP level 2. HP: 24/24 MP: 2/2
  1004 | D:2      | Found a shimmering altar of Xom.
  1042 | D:2      | Noticed Sigmund
  1293 | D:2      | Reached XP level 3. HP: 26/29 MP: 3/3
  1580 | D:2      | Found a sparkling altar of Nemelex Xobeh.
  2333 | D:2      | Reached skill level 1 in Armour
  2544 | D:3      | Gained mutation: You have large cloven feet. [demonic ancestry]
  2544 | D:3      | Reached XP level 4. HP: 37/37 MP: 4/4
  3058 | D:3      | Noticed ReniFell's ghost (amateur MiFi)
  3227 | D:3      | Reached XP level 5. HP: 42/42 MP: 5/5
  3677 | D:3      | Found a snail-covered altar of Cheibriados.
  4253 | D:4      | Found Arid's General Store.
  4256 | D:4      | Bought a scroll of remove curse for 39 gold pieces
  4256 | D:4      | Bought a potion of berserk rage for 65 gold pieces
  4655 | D:4      | Noticed an ogre
  4663 | D:4      | Killed an ogre
  4663 | D:4      | Reached XP level 6. HP: 32/48 MP: 6/6
  4760 | D:4      | Noticed Eustachio
  4787 | D:4      | Killed Eustachio
  5009 | D:4      | Gained mutation: You are significantly more attuned to the shadows. [demonic ancestry]
  5009 | D:4      | Reached XP level 7. HP: 48/55 MP: 7/7
  5026 | D:4      | Found a radiant altar of Vehumet.
  5089 | D:4      | Noticed Natasha
  5092 | D:4      | Found a deep blue altar of Sif Muna.
  5113 | D:4      | Killed Natasha
  5405 | D:4      | Reached skill level 5 in Fighting
  5472 | D:4      | Noticed Natasha
  5481 | D:4      | Killed Natasha
  5558 | D:4      | Noticed Natasha
  5561 | D:4      | Killed Natasha
  5616 | D:5      | Entered Level 5 of the Dungeon
  5742 | D:5      | Noticed Dowan
  5747 | D:5      | Noticed Duvessa
  5764 | D:5      | Killed Duvessa
  5764 | D:5      | Reached skill level 5 in Dodging
  5765 | D:5      | Found a staircase to the Ecumenical Temple.
  5774 | Temple   | Entered the Ecumenical Temple
  5801 | Temple   | Became a worshipper of Dithmenos the Shadowed
  5801 | Temple   | Reached * piety under Dithmenos
  5801 | Temple   | Reached ** piety under Dithmenos
  5835 | D:5      | Killed Dowan
  5835 | D:5      | Gained mutation: You are completely attuned to the shadows. [demonic ancestry]
  5835 | D:5      | Reached XP level 8. HP: 24/63 MP: 8/8
  6043 | D:5      | Found a burning altar of Makhleb.
  6304 | D:5      | Found Pann's Quality Used Wands.
  6450 | D:5      | Reached skill level 5 in Stealth
  6713 | D:5      | Found a basalt altar of Yredelemnul.
  6811 | D:5      | Noticed Crazy Yiuf
  6822 | D:5      | Killed Crazy Yiuf
  7098 | D:5      | Reached *** piety under Dithmenos
  7143 | D:5      | Noticed Grinder
  7287 | D:6      | Reached skill level 1 in Short Blades
  7287 | D:6      | Reached skill level 1 in Shields
  7325 | D:6      | Found an opulent altar of Gozag.
  7563 | D:6      | Noticed Ijustatesigmund's ghost (novice OpAs)
  7768 | D:6      | Found an oddly glowing altar of Pakellas.
  7768 | D:6      | Found Pakellas's Prime Provisions.
  8005 | D:7      | Reached skill level 5 in Armour
  8169 | D:7      | Gained mutation: You are partially covered in icy blue scales (AC +1). [demonic ancestry]
  8169 | D:7      | Reached XP level 9. HP: 69/69 MP: 9/9
  9051 | D:8      | Noticed Psyche
  9073 | D:8      | Killed Psyche
  9367 | D:8      | Found a bloodstained altar of Trog.
  9399 | D:8      | Reached **** piety under Dithmenos
  9840 | D:9      | Noticed a troll
  9843 | D:9      | Killed a troll
  9913 | D:9      | Noticed a manticore
  9924 | D:9      | Killed a manticore
 10198 | D:9      | Found a white marble altar of Elyvilon.
 10280 | D:9      | Gained mutation: You are mostly covered in icy blue scales (AC +3, EV -1). [demonic ancestry]
 10280 | D:9      | Reached XP level 10. HP: 76/76 MP: 10/10
 10314 | D:9      | Found a deep blue altar of Sif Muna.
 10398 | D:9      | Found a staircase to the Lair.
 10454 | D:9      | Noticed a centaur warrior
 10465 | D:9      | Killed a centaur warrior
 10898 | D:9      | Reached skill level 5 in Short Blades
 11616 | D:10     | Entered Level 10 of the Dungeon
 11761 | D:10     | Reached skill level 5 in Shields
 11977 | D:10     | Noticed a hill giant
 12278 | D:10     | Identified a scroll of acquirement
 12575 | D:10     | Reached skill level 1 in Crossbows
 12906 | D:11     | Noticed namelastname112's ghost (novice NaMo)
 12993 | D:11     | Found a labyrinth entrance.
 13005 | Lab      | Entered a labyrinth
 13419 | Lab      | Noticed a gargoyle
 13420 | Lab      | Noticed a gargoyle
 13449 | Lab      | HP: 1/114 [gargoyle/flail (9)]
 13467 | Lab      | Killed a gargoyle
 13812 | Lab      | Noticed a gargoyle
 14401 | Lab      | Found an exit through the horrors of the Abyss.
 14513 | Lab      | Noticed a minotaur
 14567 | Lab      | Slain by a minotaur

Vault maps used:
D:1:      dpeg_arrival_water_altar, serial_forest, infiniplex_forest_clump_tiny,
          infiniplex_forest_clump_long, infiniplex_forest_clump_curved,
          infiniplex_forest_clump_C, infiniplex_forest_straight_3,
          infiniplex_forest_clump_small
D:2:      wad_crossroads, lemuel_crystal_altar, marbit_many_paths, first_bread,
          uniq_sigmund
D:3:      lemuel_round_altar
D:4:      led_sif_book, vehumet_statue, chequers_ossuary_entry_cave,
          serial_shops, kennysheep_mini_moat, uniq_natasha, uniq_eustachio
D:5:      minmay_goblin_kobold_castle, yredelemnul_altar_generic, temple_hall,
          basic_altar, nicolae_for_you_no_charge, uniq_grinder,
          uniq_crazy_yiuf_cottage, uniq_duvessa
D:6:      grunt_gozag_statues, serial_bayou_pond_a, johnstein_pakellas_shop
D:8:      nicolae_overflow_hidden_temple, uniq_psyche
D:9:      kennysheep_steamy, elyvilon_altar_1, basic_altar
D:11:     orc_0_dummy, lab_entry_generic
Temple:   temple_island_7
Lab:      labyrinth_mini_lab, nicolae_lab_swirl, nicolae_lab_lava,
          labyrinth_fake_exit, labyrinth_skeletal_remains

Skill      XL: |  1  2  3  4  5  6  7  8  9 10 |
---------------+-------------------------------+-----
Dodging        | 3 4 5 6 8 |  8.0
Stealth        | 2 3 4 5 6 8 |  8.2
Armour         | 1 2 3 4 5 |  5.8
Fighting       | 4 5 |  5.8
Short Blades   | 2 4 5 |  5.5
Shields        | 2 4 5 |  5.0
Crossbows      | 1 |  1.9
Unarmed Combat | |  3.6

Action                   |  1- 3 |  4- 6 |  7- 9 | 10-12 || total
-------------------------+-------+-------+-------+-------++-------
Melee: Unarmed           |   168 |   149 |       |       ||   317
       Short sword       |       |    54 |       |       ||    54
       Flail             |       |    28 |   256 |    39 ||   323
       Dagger            |       |       |   202 |   147 ||   349
 Fire: Hand crossbow     |       |       |       |     1 ||     1
Evoke: Wand              |       |     4 |     3 |    10 ||    17
  Use: Scroll            |     7 |     4 |    11 |     4 ||    26
       Potion            |     1 |     2 |     3 |     7 ||    13
 Stab: Sleeping          |    12 |     5 |    37 |    25 ||    79
       Distracted        |       |     1 |     3 |     1 ||     5
       Confused          |       |       |       |     1 ||     1
  Eat: Chunk             |     3 |     6 |    15 |     9 ||    33
       Pizza             |     1 |       |       |       ||     1
       Bread ration      |       |     1 |     1 |     1 ||     3
